 Dungeon Crawl Stone Soup version 0.28.0-1-gb440e238dd (webtiles) character file.

Game seed: 3615539601920918635

46 jfcaron the Skirmisher (level 3, -1/33 HPs)
             Began as a Minotaur Fighter on Feb 21, 2022.
             Was a Follower of Makhleb.
             Slain by Crazy Yiuf (9 damage)
             ... on level 2 of the Dungeon.
             The game lasted 00:02:14 (2228 turns).

jfcaron the Skirmisher (Minotaur Fighter)           Turns: 2228, Time: 00:02:14

Health: -1/33      AC:  9    Str: 22    XL:     3   Next: 44%
Magic:  11/11      EV:  7    Int:  5    God:    Makhleb [*.....]
Gold:   83         SH:  4    Dex:  9    Spells: 2/2 levels left

rFire   . . .      SeeInvis .   a - +0 war axe
rCold   . . .      Faith    .   c - +0 buckler
rNeg    . . .      Spirit   .   h - +0 chain mail
rPois   .          Reflect  .   (helmet restricted)
rElec   .          Harm     .   (no cloak)
rCorr   .          Rampage  .   (no gloves)
Will    .....                   (no boots)
Stlth   ..........              (no amulet)
HPRegen 0.11/turn               n - ring of magical power
MPRegen 0.12/turn               (no ring)

@: lethally poisoned (-1 -> -8), invisible
A: horns 2, retaliatory headbutt
a: Renounce Religion


You were on level 2 of the Dungeon.
You worshipped Makhleb.
Makhleb was aware of your devotion.
You visited 1 branch of the dungeon, and saw 2 of its levels.

You collected 83 gold pieces.

Inventory:

Hand Weapons
 a - a +0 war axe (weapon)
Missiles
 e - 61 stones
 f - 39 arrows
 g - 43 sling bullets
Armour
 b - a +0 scale mail
 c - a +0 buckler (worn)
 h - a +0 chain mail (worn)
Jewellery
 n - a ring of magical power (left hand)
Scrolls
 j - a scroll of immolation {unknown}
 m - a scroll of identify {unknown}
 o - a scroll of noise {unknown}
 r - a scroll of enchant weapon {unknown}
Potions
 d - a potion of might
 i - a potion of lignification {unknown}
 k - 2 potions of heal wounds {unknown}
 l - a potion of flight {unknown}
 p - a potion of mutation {unknown}
 q - a potion of magic {unknown}


   Skills:
 + Level 4.0 Fighting
 * Level 3.5 Axes
 + Level 4.0 Armour
 + Level 4.0 Shields
 + Level 0.0 Invocations


You had 2 spell levels left.
You didn't know any spells.
Your spell library was empty.

Dungeon Overview and Level Annotations

Branches:
Dungeon (2/15)

Altars:
Makhleb

Shops:
D:1 [

Annotations:
D:2 Crazy Yiuf


Innate Abilities, Weirdness & Mutations

You have a pair of horns on your head.
You reflexively headbutt those who attack you in melee.


Message History

Makhleb welcomes you!
You can now gain health from killing.
You enter the shallow water.
Moving in this stuff is going to be slow.
You enter the shallow water.
Moving in this stuff is going to be slow.
Things that are here:
a +0 flail; an orc skeleton
There is an open door here.
You enter the shallow water.
Moving in this stuff is going to be slow.
There is an open door here.
There is a shaft here.
Found a stone staircase leading up.
There is a stone staircase leading up here.
Found a stone staircase leading down.
There is a stone staircase leading down here.
There is a stone staircase leading down here.
You see here a +0 robe.
There is a stone staircase leading up here.
There is a stone staircase leading down here.
Found a mace.
Found a runed translucent door.
Crazy Yiuf shouts!
Crazy Yiuf whimpers, "Lugonu!"
You open the door. You slash Crazy Yiuf! Your headbutt misses Crazy Yiuf.
Crazy Yiuf is moderately wounded.
Crazy Yiuf hits you with a +3 quarterstaff of chaos.
You are poisoned.
You barely miss Crazy Yiuf.
Crazy Yiuf is moderately wounded.
You feel very sick.
Crazy Yiuf hits you with a +3 quarterstaff of chaos!
You fade into invisibility!
You hit Crazy Yiuf but do no damage.
Crazy Yiuf is moderately wounded.
* * * LOW HITPOINT WARNING * * *
You feel sick.
Crazy Yiuf hits you with a +3 quarterstaff of chaos!
You die...

### #.#
#######.##♣♣♣♣♣
.>..........♣.♣♣♣ ###
######.......♣..♣#...#
#......♣♣♣♣@g...#
##....♣♣ ♣♣#..)#
##########♣♣ ###
........# #########
######### # #.......#
# #.####### # #.#


You could see Crazy Yiuf.

Vanquished Creatures
  An adder (D:2)
  A worm (D:2)
  3 orcs (D:2)
  2 endoplasms
  2 goblins (D:1)
  A hobgoblin (D:1)
  2 jackals (D:2)
  4 kobolds
  A quokka (D:1)
  4 ball pythons (D:1)
  2 bats
  A frilled lizard (D:2)
  9 rats
  A fungus (D:2)
  A plant (D:2)
35 creatures vanquished.

Notes
Turn   | Place    | Note
-------+----------+-------------------------------------------
     0 | D:1      | jfcaron the Minotaur Fighter began the quest for the Orb.
     0 | D:1      | Reached XP level 1. HP: 19/19 MP: 0/0
   144 | D:1      | Found Onuirink's Armour Emporium.
   184 | D:1      | Reached XP level 2. HP: 27/27 MP: 1/1
  1083 | D:2      | Reached XP level 3. HP: 31/33 MP: 2/2
  1987 | D:2      | Found a faded altar of an unknown god.
  1993 | D:2      | Prayed at the altar of an unknown god.
  1993 | D:2      | Became a worshipper of Makhleb the Destroyer
  1993 | D:2      | Reached * piety under Makhleb
  2221 | D:2      | Found a runed translucent door.
  2222 | D:2      | Noticed Crazy Yiuf
  2228 | D:2      | Slain by Crazy Yiuf

Illustrated notes

Levels and vault maps discovered:
D:1:      dpeg_arrival_ratfight, layout_loops_ring, serial_shops, shop
D:2:      layout_loops_ring, shapermc_ecumenical_altar_hornbeckon,
          chequers_serial_rivers_room_b, uniq_crazy_yiuf_cottage

Skill      XL: |  1  2  3 |
---------------+----------+-----
Axes           | 3 |  3.5
Fighting       | 4 |  4.0
Armour         | 4 |  4.0
Shields        | 4 |  4.0

Action                   || total
-------------------------++-------
Melee: War axe           ||    87
       Headbutt          ||     5
Throw: Stone             ||     4
Armor: Scale mail        ||     4
       Chain mail        ||    28
Dodge: Dodged            ||    26
Block: Buckler           ||    26
